 Dungeon Crawl Stone Soup version 0.23.0 (webtiles) character file.

Game seed: 18314605146495302135

2104 inmateoo the Slasher (level 9, -3/72 HPs)
             Began as a Mummy Fighter on Feb 13, 2019.
             Slain by an orc wizard
             ... wielding a +2 dagger of electrocution
              (14 damage)
             ... on level 6 of the Dungeon.
             The game lasted 00:07:26 (6910 turns).

inmateoo the Slasher (Mummy Fighter)                Turns: 6910, Time: 00:07:26

Health: -3/72      AC: 11    Str: 23    XL:     9   Next: 7%
Magic:  9/9        EV:  7    Int:  7    God:
Gold:   422        SH: 11    Dex: 11    Spells: 8/8 levels left

rFire    x . .     SeeInvis .   a - +0 long sword
rCold    + . .     Gourm    .   c - +0 shield
rNeg     + + +     Faith    .   b - +0 scale mail
rPois    ∞         Spirit   .   m - +0 helmet
rElec    .         Reflect  +   p - +1 cloak
rCorr    .         Harm     .   (no gloves)
MR       +....                  e - +0 pair of boots
Stlth    ..........             k - +2 amulet of reflection
HPRegen  0.22/turn              (no ring)
MPRegen  0.11/turn              (no ring)

@: no status effects
A: no food or potions, fire vulnerability, cold resistance 1, negative energy
resistance 3, torment resistance, unbreathing
a: no special abilities


You were on level 6 of the Dungeon.
You were not hungry.

You visited 2 branches of the dungeon, and saw 7 of its levels.

You collected 422 gold pieces.

Inventory:

Hand Weapons
 a - a +0 long sword (weapon)
Missiles
 l - 4 javelins (quivered)
Armour
 b - a +0 scale mail (worn)
 c - a +0 shield (worn)
 e - a +0 pair of boots (worn)
 m - a +0 helmet (worn)
 p - a +1 cloak (worn)
Jewellery
 k - a +2 amulet of reflection (around neck)
Wands
 i - a wand of random effects (17)
Scrolls
 d - 2 scrolls of remove curse
 f - 5 scrolls of teleportation
 g - 6 scrolls of identify
 h - 3 scrolls of enchant weapon
 j - a scroll of vulnerability {unknown}


   Skills:
 + Level 7.6 Fighting
 * Level 7.8 Long Blades
 - Level 3.0 Armour
 - Level 3.0 Shields


You had 8 spell levels left.
You didn't know any spells.
Your spell library contained the following spells:

 Spells                   Type           Power        Failure   Level  Hunger
 Sticks to Snakes         Tmut           #.......     100%        2    N/A
 Beastly Appendage        Tmut           Unusable     N/A         1    N/A
 Spider Form              Tmut/Pois      Unusable     N/A         3    N/A
 Ice Form                 Ice/Tmut       Unusable     N/A         4    N/A
 Blade Hands              Tmut           Unusable     N/A         5    N/A

Dungeon Overview and Level Annotations

Branches:
Dungeon (6/15)             Temple (1/1) D:5

Altars:
Ashenzari
Dithmenos
Elyvilon
Fedhas
Kikubaaqudgha
Makhleb
Nemelex Xobeh
Qazlal
Ru
Sif Muna
Uskayaw
Vehumet
Wu Jian
Xom
Yredelemnul
Zin
The Shining One


Innate Abilities, Weirdness & Mutations

You do not eat or drink.
Your flesh is vulnerable to fire.
You are immune to poison.
Your flesh is cold resistant. (rC+)
You are immune to negative energy. (rN+++)
You are immune to unholy pain and torment.
You can survive without breathing.


Message History

Unknown command.
You block the orc wizard's attack.
The orc wizard casts a spell.
The orc wizard blinks!
You closely miss the orc wizard.
The orc wizard is moderately wounded.
The orc wizard hits you but does no damage.
You block the orc wizard's attack.
You are too injured to fight recklessly!
You slash the orc wizard!
You kill the orc wizard!
You block the orc wizard's attack.
The orc wizard hits you but does no damage.
You are electrocuted!
* * * LOW HITPOINT WARNING * * *
You completely miss something.
The orc wizard hits you with a +2 dagger of electrocution.
* * * LOW HITPOINT WARNING * * *
You are electrocuted!
You die...

#.#
...$.......#...........#
#.# #......o#......†(...#
#.# #....o.o#........(..#
#.# ##'####.#....>......#
#.# #.####.#..(........#
#.# #.#..)o#.).........#
#.# #.#o####...........#
#.# #.#)# #.###########
#.# #.#@# #.# ..# #.#o#
#.########### ### #.#.#
#...........#
#.#.#..###########.#
#.#.#..).........#.#
#.#.#.....#.#..#.#.#
######.#.#######.#(.#.#.#
#......#..............#.#
#.###########.........#.#


You could see an orc wizard and an orc.

Vanquished Creatures
  Sigmund (D:2)
  Menkaure (D:4)
  A phantom (D:5)
  A black bear (D:6)
  3 ice beasts
  2 ogres
  2 centaurs
  A necrophage (D:6)
  A wyvern zombie (D:6)
  2 scorpions
  A howler monkey (D:5)
  2 crimson imps
  3 hounds
  5 orc wizards
  An orc priest (D:4)
  A centaur skeleton (D:6)
  3 iguanas
  Natasha (D:2)
  A worker ant (D:6)
  2 hound zombies
  A hound skeleton (D:6)
  A worker ant zombie (D:5)
  Robin (D:1)
  7 gnolls
  5 adders
  A shadow imp (D:6)
  An adder skeleton (D:4)
  An adder zombie (D:6)
  4 worms
  3 dart slugs
  7 leopard geckos
  6 orcs
  2 ball pythons
  6 bats
  4 giant cockroaches
  12 goblins
  9 hobgoblins
  4 jackals (D:3)
  4 quokkas
  6 frilled lizards
  10 kobolds
  9 rats
139 creatures vanquished.

Vanquished Creatures (others)
  A goblin (D:3)
1 creature vanquished.

Grand Total: 140 creatures vanquished

Notes
Turn   | Place    | Note
-------+----------+-------------------------------------------
     0 | D:1      | inmateoo the Mummy Fighter began the quest for the Orb.
     0 | D:1      | Reached XP level 1. HP: 18/18 MP: 1/1
   306 | D:1      | Reached XP level 2. HP: 21/24 MP: 2/2
   927 | D:2      | Reached XP level 3. HP: 21/30 MP: 3/3
  1060 | D:2      | Noticed Natasha
  1081 | D:2      | Killed Natasha
  1081 | D:2      | Reached XP level 4. HP: 14/37 MP: 4/4
  1444 | D:2      | Noticed Sigmund
  1827 | D:2      | Killed Sigmund
  1827 | D:2      | Reached skill level 5 in Fighting
  1827 | D:2      | Reached XP level 5. HP: 12/44 MP: 5/5
  2147 | D:2      | Noticed Robin
  2293 | D:1      | Killed Robin
  2405 | D:2      | Found a burning altar of Makhleb.
  2635 | D:3      | Reached XP level 6. HP: 50/51 MP: 6/6
  3773 | D:4      | Reached XP level 7. HP: 52/56 MP: 7/7
  3852 | D:4      | Noticed Menkaure
  3860 | D:4      | Killed Menkaure
  4324 | D:4      | Reached skill level 5 in Long Blades
  4542 | D:5      | Entered Level 5 of the Dungeon
  4654 | D:5      | Found a sacrificial altar of Ru.
  5029 | D:5      | Reached XP level 8. HP: 59/65 MP: 8/8
  5084 | D:5      | Found a stormy altar of Qazlal.
  5085 | D:5      | Noticed an air elemental
  5127 | D:5      | Found a staircase to the Ecumenical Temple.
  5158 | Temple   | Entered the Ecumenical Temple
  6823 | D:6      | Reached XP level 9. HP: 72/72 MP: 9/9
  6910 | D:6      | Slain by an orc wizard

Skill      XL: |  1  2  3  4  5  6  7  8 |
---------------+-------------------------+-----
Long Blades    | 2 3 4 6 7 |  7.8
Fighting       | 4 5 6 7 |  7.6
Armour         | 3 |  3.0
Shields        | 3 |  3.0

Action                   |  1- 3 |  4- 6 |  7- 9 || total
-------------------------+-------+-------+-------++-------
Melee: Long sword        |   114 |   215 |   383 ||   712
Throw: Javelin           |       |       |     6 ||     6
  Use: Scroll            |       |     1 |     9 ||    10
Armor: Scale mail        |    47 |    71 |   170 ||   288
Dodge: Dodged            |    48 |    49 |   100 ||   197
Block: Shield            |    53 |   123 |   231 ||   407
       Reflection        |       |     9 |       ||     9
       Rpst.: Long sword |    14 |    22 |    32 ||    68
